 Dungeon Crawl Stone Soup version 0.19-a0-854-gc78d25d (webtiles) character file.

923 Implojin the Grappler (level 7, 0/66 HPs)
             Began as a Troll Fighter on July 1, 2016.
             Was an Initiate of Okawaru.
             Slain by a two-headed ogre
             ... wielding a +0 giant spiked club
              (27 damage)
             ... on level 8 of the Dungeon.
             The game lasted 00:06:51 (1326 turns).

Implojin the Grappler (Troll Fighter)               Turns: 1326, Time: 00:06:52

Health: 0/66       AC:  5    Str: 25    XL:     7   Next: 84%
Magic:  6/6        EV:  8    Int:  4    God:    Okawaru [......]
Gold:   55         SH:  9    Dex: 11    Spells: 0 memorised, 6 levels left

rFire  . . .     SeeInvis .       - Unarmed
rCold  . . .     Gourm    +     a - +0 robe
rNeg   . . .     Faith    .     b - +0 shield
rPois  .         Spirit   .     (helmet restricted)
rElec  .         Dismiss  .     (no cloak)
rCorr  .         Reflect  .     (gloves unavailable)
SustAt .         Harm     .     (boots unavailable)
MR     .....                    k - amulet of magic regeneration
Stlth  +.........               (no ring)
                                (no ring)

@: lethally poisoned (0 -> -6), about to teleport, not resistant to hostile
enchantments, very unstealthy
A: unfitting armour, claws 3, fast metabolism 3, gourmand, regeneration 2,
shaggy fur 1, tough skin 2
a: Renounce Religion


You were on level 8 of the Dungeon.
You worshipped Okawaru.
Okawaru was noncommittal.
You were full.

You visited 2 branches of the dungeon, and saw 9 of its levels.

You collected 55 gold pieces.

Inventory:

Hand Weapons
 s - a +0 blowgun
Armour
 a - a +0 robe (worn)
 b - a +0 shield (worn)
Jewellery
 c - a +1 ring of protection {unknown}
 k - an amulet of magic regeneration (around neck)
 l - an uncursed ring of sustain attributes {unknown}
Wands
 q - a wand of lightning (9/15)
 t - a wand of flame (22/48)
Scrolls
 f - a scroll of fear {unknown}
 g - a scroll of enchant armour {unknown}
 h - a scroll of teleportation
 i - 2 scrolls of remove curse
 o - 4 scrolls of identify {unknown}
 p - a scroll of holy word {unknown}
 r - a scroll of silence {unknown}
Potions
 e - a potion of magic
 m - a potion of heal wounds
 n - 2 potions of curing {unknown}
 v - a potion of lignification {unknown}
 x - a potion of resistance {unknown}
Books
 u - a book of Geomancy

   Spells                             Type                      Level
   a - Sandblast                      Earth                        1
   b - Passwall                       Transmutation/Earth          2
   c - Stone Arrow                    Conjuration/Earth            3
   d - Petrify                        Transmutation/Earth          4
   e - Lee's Rapid Deconstruction     Earth                        5
 y - a book of Flames

   Spells                             Type                      Level
   a - Flame Tongue                   Conjuration/Fire             1
   b - Throw Flame                    Conjuration/Fire             2
   c - Conjure Flame                  Conjuration/Fire             3
   d - Inner Flame                    Hexes/Fire                   3
   e - Sticky Flame                   Conjuration/Fire             4
   f - Fireball                       Conjuration/Fire             5
Comestibles
 d - 5 bread rations
 j - 2 meat rations
 w - 7 slices of pizza


   Skills:
 - Level 2.4 Fighting
 - Level 2.4 Dodging
 - Level 2.4 Shields
 * Level 9.2 Unarmed Combat


You had 6 spell levels left.
You didn't know any spells.

Dungeon Overview and Level Annotations

Branches:
Dungeon (8/15)             Temple (1/1) D:6
   Lair: D:8-11

Altars:
Ashenzari
Cheibriados
Dithmenos
Elyvilon
Gozag
Hepliaklqana
Makhleb
Nemelex Xobeh
Okawaru
Pakellas
Qazlal
Ru
Sif Muna
Trog
Uskayaw
Vehumet
Xom
Yredelemnul
The Shining One

Annotations:
D:8 Trees's ghost, novice MfSk


Innate Abilities, Weirdness & Mutations

You are too large for most types of armour.
You have claws for hands.
Your metabolism is lightning-fast.
You like to eat raw meat.
You heal very quickly.
You are covered in fur. (AC +1)
You have very tough skin. (AC +2)


Message History

Trees's ghost hits you.
You are more poisoned.
Okay, then.
You feel very sick. Trees's ghost barely misses you.
You feel very sick.
You feel sick.
You feel sick.
You feel very sick.
You feel sick. You block Trees's ghost's attack.
As you read the scroll labeled LULYAPTEODD, it crumbles to dust.
You feel blessed for a moment.
It was a scroll of remove curse.
You feel sick.
A sky beast appears from thin air!
Reactivating autopickup.
Trees's ghost hits you.
* * * LOW HITPOINT WARNING * * *
You are more poisoned.
As you read the scroll labeled SUDDOFOLOUN, it crumbles to dust.
You feel strangely unstable.
It was a scroll of teleportation.
You feel very sick. Trees's ghost hits you.
* * * LOW HITPOINT WARNING * * *
You feel sick.
Your surroundings suddenly seem different.
You feel sick.
A two-headed ogre comes into view. It is wielding two giant spiked clubs.
The two-headed ogre shouts in stereo!
Okay, then.
As you read the scroll of teleportation, it crumbles to dust.
You feel strangely unstable.
You feel sick.
It was a potion of magic.
Magic courses through your body.
You feel sick.
An adder comes into view.
It was a potion of heal wounds.
You feel much better.
You feel sick.
The adder hisses angrily.
You block the two-headed ogre's attack.
The two-headed ogre hits you with a giant spiked club!
* * * LOW HITPOINT WARNING * * *
You feel sick.
The two-headed ogre hits you with a giant spiked club!!
You die...

.. #.#
####.####
###....S..#
..........#
#.......#
#.......#
#...O@..#
#.......#
#########


You could see a two-headed ogre and an adder.

Vanquished Creatures
  A human (D:8)
  A sky beast (D:6)
  A centaur (D:8)
  A big kobold (D:7)
  3 giant frogs
  The ghost of Implojin the Chopper, a weakling MiFi (D:6)
  3 crimson imps
  A giant frog skeleton (D:8)
  An orc priest (D:6)
  An orc wizard (D:6)
  4 sheep (D:8)
  Robin (D:2)
  A shadow imp (D:5)
  2 worms (D:3)
  A dart slug (D:2)
  A giant gecko (D:3)
  6 orcs
  2 bats (D:3)
  A giant cockroach (D:1)
  8 goblins
  2 hobgoblins (D:1)
  3 jackals (D:4)
  3 kobolds (D:7)
  A quokka (D:7)
  A rat (D:2)
51 creatures vanquished.

Notes
Turn   | Place    | Note
-------+----------+-------------------------------------------
     0 | D:1      | Implojin the Troll Fighter began the quest for the Orb.
     0 | D:1      | Reached XP level 1. HP: 22/22 MP: 0/0
    90 | D:2      | Reached XP level 2. HP: 29/29 MP: 1/1
   164 | D:2      | Noticed Robin
   169 | D:2      | Reached skill level 3 in Unarmed Combat
   174 | D:2      | Killed Robin
   183 | D:2      | Reached XP level 3. HP: 30/36 MP: 2/2
   466 | D:5      | Entered Level 5 of the Dungeon
   511 | D:5      | Reached skill level 4 in Unarmed Combat
   511 | D:5      | Reached XP level 4. HP: 44/44 MP: 3/3
   529 | D:5      | Reached skill level 5 in Unarmed Combat
   605 | D:7      | Noticed a giant frog
   613 | D:7      | Killed a giant frog
   613 | D:7      | Reached XP level 5. HP: 50/50 MP: 4/4
   695 | D:7      | Reached skill level 6 in Unarmed Combat
   780 | D:7      | Noticed a sky beast
   780 | D:7      | Noticed a centaur
   807 | D:6      | Reached XP level 6. HP: 25/59 MP: 5/5
   821 | D:6      | HP: 2/59 [sky beast (5)]
   831 | D:6      | Killed a sky beast
   831 | D:6      | Reached skill level 7 in Unarmed Combat
   912 | D:6      | Reached XP level 7. HP: 33/66 MP: 6/6
   999 | D:6      | Noticed Implojin's ghost (weakling MiFi)
  1006 | D:6      | Killed Implojin's ghost
  1006 | D:6      | Reached skill level 8 in Unarmed Combat
  1064 | D:6      | Found a staircase to the Ecumenical Temple.
  1068 | Temple   | Entered the Ecumenical Temple
  1147 | Temple   | Became a worshipper of Warmaster Okawaru
  1199 | D:8      | Noticed a human
  1207 | D:8      | Killed a human
  1222 | D:8      | Reached skill level 9 in Unarmed Combat
  1294 | D:8      | Noticed Trees's ghost (novice MfSk)
  1322 | D:8      | Noticed a two-headed ogre
  1326 | D:8      | Slain by a two-headed ogre

Vault maps used:
D:1:      mrwooster_arrival_statue_2, minmay_fountain_box
D:2:      kennysheep_big_empty_room, uniq_robin
D:3:      zin_treasury
D:4:      first_bread, tso_altar
D:5:      serial_shops, kennysheep_mini
D:7:      fedhas_altar_2
D:8:      grunt_livestock
Temple:   regret_index_temple_chain_breaker

Skill      XL: |  1  2  3  4  5  6  7 |
---------------+----------------------+-----
Unarmed Combat | 3 4 5 6 7 9 |  9.2
Fighting       | |  2.4
Dodging        | |  2.4
Shields        | |  2.4

Action                   |  1- 3 |  4- 6 |  7- 9 || total
-------------------------+-------+-------+-------++-------
Melee: Unarmed           |    56 |    75 |    46 ||   177
  Use: Potion            |       |     1 |     2 ||     3
       Scroll            |       |       |     3 ||     3
  Eat: Chunk             |     8 |       |     6 ||    14
Armor: Robe              |    22 |    17 |     4 ||    43
Dodge: Dodged            |    19 |    10 |    10 ||    39
Block: Shield            |    29 |    29 |    22 ||    80

Table legend:
 A = Turns spent in this place as a percentage of turns spent in the entire game.
 B = Non-inter-level travel turns spent in this place as a percentage of non-inter-level travel turns spent in the entire game.
 C = Inter-level travel turns spent in this place as a percentage of turns spent in this place.
 D = Turns resting spent in this place as a percentage of non-inter-level travel turns spent in this place.
 E = Turns spent auto-exploring this place as a percentage of non-inter-level travel turns spent in this place.
 F = Non-inter-level travel turns spent in this place divided by the number of levels of this place that you've seen.
                   A       B       C       D       E      F
               +-------+-------+-------+-------+-------+----------------------
         Total | 100.0 | 100.0 |   0.0 |   0.0 |   0.0 | 146.0
       Dungeon |  92.9 |  92.9 |   0.0 |   0.0 |   0.0 | 152.6
        Temple |   7.1 |   7.1 |   0.0 |   0.0 |   0.0 |  93.0
               +-------+-------+-------+-------+-------+----------------------

Table legend:
 A = Kills in this place as a percentage of kills in entire the game.
 B = Kills by you in this place as a percentage of kills by you in the entire game.
 C = Kills by friends in this place as a percentage of kills by friends in the entire game.
 D = Other kills in this place as a percentage of other kills in the entire game.
 E = Experience gained in this place as a percentage of experience gained in the entire game.
 F = Experience gained in this place divided by the number of levels of this place that you have seen.
                   A       B       C       D       E      F
               +-------+-------+-------+-------+-------+----------------------
         Total | 100.0 | 100.0 |  -nan |  -nan | 100.0 | 146.6
       Dungeon | 100.0 | 100.0 |  -nan |  -nan | 100.0 | 164.9
               +-------+-------+-------+-------+-------+----------------------
